Unix xNetHack Version 7.1.0 - last build Dec 11 2022 15:18:36 (91bc4d2507b4b34ac92889b06d50a936f6bde808). Game began 2023-04-10 17:16:34, ended 2023-04-10 18:24:59. wvc, neutral female human Wizard ----- ------------ |<..| |.%(?(%!!?.| |..@| ------- #-.!(+%?/[?*| |~...### |.....| ####------------ |...| # |~....|#### -.-.- # |......# # # -----.- ## # ### ## ## # # ###### # # # ##### # ---.- # ...>| ## # |.... ##############-...| |......... ### . |...| |....... .... ----- |.... |...| ----- ----- Wvc the Conjurer St:9 Dx:13 Co:13 In:18 Wi:12 Ch:14 Neutral S:1083 Dlvl:4 $:53 HP:0(29) Pw:59(59) AC:5 Xp:5/200 T:2049 Blind Deaf Latest messages: You hear water falling on coins. You see here a platinum banded mail (for sale, 720 zorkmids). You see here a wand of light (for sale, 100 zorkmids). You see here a scroll labeled VE FORBRYDERNE (for sale, 200 zorkmids). You see here a grape (for sale, 17 zorkmids). You see here a parchment spellbook (for sale, 133 zorkmids). You see here a golden potion (for sale, 150 zorkmids). The gecko bites! You kill the gecko! You see here a golden potion (for sale, 150 zorkmids). You don't have enough gold to buy the item you picked. You drop a whistle (unpaid, 133 zorkmids) {3}. You see here 2 food rations (for sale, 90 zorkmids). You pound the homunculus. The homunculus misses! You kill the homunculus! You see here a food ration. o - an uncursed food ration {20}. In what direction? b The spell hits the centipede! You kill the centipede! There is a doorway here. You see here a centipede corpse. There is a centipede corpse here; eat it? [ynq] (n) y This centipede corpse tastes okay. You finish eating the centipede corpse. Where do you want to travel to? (For instructions type a '?') You are momentarily blinded by a flash of light! You hear a deafening roar! Wait! There's something there you can't see! It hits! It bites! It bites! You feel hemmed in. It just misses! It jabs you! Wait! There's something there you can't see! It bites! It misses! It hits you! It hits! It misses! It bites! You die... Do you want your possessions identified? [ynq] (y) y Do you want to see your attributes? [ynq] (y) y Do you want an account of creatures vanquished? [ynaq] (y) y Do you want to see your conduct and achievements? [ynq] (y) y Do you want to see the dungeon overview? [ynq] (y) y Major events: Turn 1: wvc the neutral female human Wizard entered the dungeon 569: attained the rank of Conjurer (level 3) 1739: entered the Gnomish Mines 2049: killed by a rothe Inventory: Inventory: 548/600 weight (32/52 slots) Coins ('$') $ - 53 gold pieces {1} Weapons (')') t - 10 +1 darts {10} a - a blessed +1 quarterstaff (weapon in hands) {40} Armor ('[') b - an uncursed +0 cloak of magic resistance (being worn) {8} u - an uncursed +0 mithril elven ring mail (being worn) {88} Comestibles ('%') o - 2 uncursed food rations {40} D - 2 uncursed tripe rations {20} F - an uncursed lichen corpse {20} Scrolls ('?') z - an uncursed scroll of amnesia {5} r - an uncursed scroll of blank paper {5} k - an uncursed scroll of create monster {5} w - an uncursed scroll of food detection {5} j - an uncursed scroll of genocide {5} x - a blessed scroll of water {5} Spellbooks ('+') f - an uncursed spellbook of detect unseen {40} c - a blessed spellbook of force bolt {35} A - an uncursed spellbook of healing {35} d - a blessed spellbook of magic missile {40} e - an uncursed spellbook of protection {35} Potions ('!') n - an uncursed potion of hallucination {20} s - an uncursed potion of invisibility {20} J - an uncursed potion of see invisible {20} Wands ('/') B - a wand of light (0:12) {7} l - a cursed wand of slow monster (0:4) {7} K - a wand of teleportation (0:3) {7} Tools ('(') h - an uncursed blindfold {2} m - an expensive camera (0:72) {12} g - a magic marker (0:69) {2} v - an uncursed copper pea whistle {3} q - an uncursed skeleton key {3} Gems/Stones ('*') p - an uncursed worthless piece of black glass {1} E - an uncursed worthless piece of blue glass {1} G - a cursed worthless piece of red glass {1} Wvc the Wizard's attributes: Background: You were a Conjurer, a level 5 female human Wizard. You were neutral, on a mission for Thoth who was opposed by Ptah (lawful) and Anhur (chaotic). You were heterosexual. You were in the Dungeons of Doom, on level 4. You entered the dungeon 2049 turns ago. You had 200 experience points, 120 more were needed to attain level 6. Your score was 1083 before end-of-game adjustments. Basics: You had 0 out of 29 hit points. You had all 59 energy points (spell power). Your armor class was 5. Your wallet contained 53 zorkmids. Autopickup was on for '$!"=?' plus thrown. Final Characteristics: Your strength was 9 (limit:18/100). Your dexterity was 13 (limit:18). Your constitution was 13 (limit:18). Your intelligence was 18 (limit:18). Your wisdom was 12 (limit:18). Your charisma was 14 (limit:18). Final Status: You were temporarily blind. You were deaf. You were not hungry. You were unencumbered. You were wielding a quarterstaff. You had basic skill with quarterstaff. Final Attributes: You were piously aligned. You were magic-protected. You were guarded. You are dead. Miscellaneous: You never encountered a bones level. Total elapsed playing time was 49 minutes and 10 seconds. Vanquished creatures: a small mimic a gnome leader a homunculus a centipede 2 iguanas a coyote a gas spore a hobbit a large kobold 3 giant rats a cave spider a green mold a gnome a garter snake a gnome zombie 4 geckos 7 jackals a fox 2 kobolds 2 goblins 8 grid bugs a bat 5 lichens 5 newts 53 creatures vanquished. No species were genocided or became extinct. Voluntary challenges: You read items or engraved 2 times. You never genocided any monsters. You never polymorphed an object. You never changed form. You never touched an artifact. You used no wishes. You never owned a pet. You never scared an enemy with impunity. You were celibate. You never generated conflict. Achievements: You attained the rank of Conjurer. You entered a shop. You entered the Gnomish Mines. The Dungeons of Doom: levels 1 to 5 Level 1: Level 2: "vault" A fountain, a grave. Level 3: A general store, an altar, some fountains. Stairs down to The Gnomish Mines. Level 4: <- You were here. A general store. Final resting place for you, killed by a rothe. Level 5: The Gnomish Mines: Level 4: Game over: __________ / \ / REST \ / IN \ / PEACE \ / \ | wvc | | 53 Au | | killed by a | | rothe | | | | | | 2023 | *| * * * | * _________)/\\_//(\/(/\)/\//\/|_)_______ Goodbye wvc the Wizard... You died in The Dungeons of Doom on dungeon level 4 with 1078 points, and 53 pieces of gold, after 2049 moves. You were level 5 with a maximum of 29 hit points when you died.